 Dungeon Sprint DCSS version 0.23.2-1-ga50397a6bc (webtiles) character file.

Game seed: 1764079244386863891

1743 Kobolds4U the Fencer (level 8, -4/74 HPs)
             Began as a Minotaur Berserker on May 10, 2019.
             Was an Elder of Trog.
             Slain by a demonic crawler (9 damage)
             ... in the Dungeon (Sprint I: "Red Sonja").
             The game lasted 00:02:03 (615 turns).

Kobolds4U the Fencer (Minotaur Berserker)            Turns: 615, Time: 00:02:04

Health: -4/74      AC:  6    Str: 22    XL:     8   Next: 77%
Magic:  7/7        EV: 18    Int:  4    God:    Trog [****..]
Gold:   405        SH:  0    Dex: 12    Spells: 7/7 levels left

rFire    . . .     SeeInvis .   a - +0 falchion
rCold    . . .     Gourm    .   (no shield)
rNeg     . . .     Faith    .   j - +3 leather armour {MR+}
rPois    .         Spirit   .   (helmet restricted)
rElec    .         Reflect  .   (no cloak)
rCorr    .         Harm     .   (no gloves)
MR       +++..     NoTele   +   (no boots)
Stlth    +.........             (no amulet)
HPRegen  1.22/turn              (no ring)
MPRegen  0.10/turn              (no ring)

@: berserk cooldown, regenerating, slowed, very slow
A: retaliatory headbutt, horns 2
a: Berserk, Trog's Hand, Brothers in Arms, Renounce Religion


You were in the Dungeon.
You worshipped Trog.
Trog was greatly pleased with you.
You were not hungry.

You visited 1 branch You collected 405 gold pieces.

Inventory:

Hand Weapons
 a - a +0 falchion (weapon)
Armour
 j - a +3 leather armour of magic resistance (worn)
Scrolls
 i - a scroll of blinking
Potions
 d - a potion of curing
 e - a potion of heal wounds
 f - a potion of haste
 g - 2 potions of magic
 h - a potion of berserk rage
Comestibles
 c - 2 rations


   Skills:
 + Level 8.2 Fighting
 * Level 17.2 Long Blades
 - Level 2.4 Armour
 + Level 11.9 Dodging


You had 7 spell levels left.
You didn't know any spells.
Your spell library was empty.

Dungeon Overview and Level Annotations

Branches:
Dungeon (1/1)

Altars:
Cheibriados
Dithmenos
Elyvilon
Fedhas
Gozag
Hepliaklqana
Kikubaaqudgha
Makhleb
Nemelex Xobeh
Okawaru
Qazlal
Ru
Sif Muna
Trog
Uskayaw
Vehumet
Wu Jian
Xom
Yredelemnul
Zin
The Shining One
Jiyva
Lugonu

Shops:
D %


Innate Abilities, Weirdness & Mutations

You reflexively headbutt those who attack you in melee.
You have a pair of horns on your head.


Message History

You slash the demonic crawler!
The demonic crawler is almost dead.
You completely miss the demonic crawler.
You headbutt the demonic crawler!
You kill the demonic crawler!
Trog accepts your kill.
Your Fighting skill increases to level 8!
Your Long Blades skill increases to level 17!
The demonic crawler hits you.
* * * LOW HITPOINT WARNING * * *
The demonic crawler closely misses you. The demonic crawler hits you.
* * * LOW HITPOINT WARNING * * *
You eat one of the 3 rations.
That ration really hit the spot!
You are no longer berserk.
Trog's vigour flows through your veins.
You are exhausted.
You feel yourself slow down. The demonic crawler closely misses you.
You furiously retaliate!
You headbutt the demonic crawler. The demonic crawler hits you!
You die...

###################
..#..'..#__#..'.).#
..').#..'..'..#.@s##+#
#'#####'#__####...s..#
..#...#.#### #####..+
###..##(# ## __##'#_.+
..รท'..._# __##_.#'#
__###+#.# ### ###


You could see 2 demonic crawlers.

Vanquished Creatures
  2 demonic crawlers (D)
  2 kobold demonologists (D)
  A slime creature (D)
  Sigmund (D)
  A yak (D)
  A floating eye (D)
  An ogre (D)
  A jelly (D)
  Ijyb (D)
11 creatures vanquished.

Notes
Turn   | Place    | Note
-------+----------+-------------------------------------------
     0 | D        | Kobolds4U the Minotaur Berserker began the quest for the
                  | Orb.
     0 | D        | Reached XP level 1. HP: 19/19 MP: 0/0
     1 | D        | Noticed Ijyb
    13 | D        | Killed Ijyb
    13 | D        | Reached skill level 6 in Long Blades
    13 | D        | Reached XP level 2. HP: 17/26 MP: 1/1
   118 | D        | Noticed an ogre
   121 | D        | Killed an ogre
   121 | D        | Reached skill level 9 in Long Blades
   121 | D        | Reached XP level 3. HP: 31/31 MP: 2/2
   121 | D        | Reached XP level 4. HP: 39/39 MP: 3/3
   164 | D        | Noticed Sigmund
   173 | D        | Killed Sigmund
   173 | D        | Reached ** piety under Trog
   173 | D        | Reached skill level 12 in Long Blades
   173 | D        | Reached XP level 5. HP: 45/45 MP: 4/4
   190 | D        | Found an ornate altar of the Wu Jian Council.
   190 | D        | Found a deep blue altar of Sif Muna.
   192 | D        | Found a radiant altar of Vehumet.
   197 | D        | Reached XP level 6. HP: 48/51 MP: 5/5
   221 | D        | Found Reulugon's Food Emporium.
   221 | D        | Found an ancient bone altar of Kikubaaqudgha.
   221 | D        | Found a hazy altar of Hepliaklqana.
   221 | D        | Found a hide-covered altar of Uskayaw.
   221 | D        | Found a basalt altar of Yredelemnul.
   221 | D        | Found an opulent altar of Gozag.
   221 | D        | Found a snail-covered altar of Cheibriados.
   221 | D        | Found a sacrificial altar of Ru.
   221 | D        | Found a shadowy altar of Dithmenos.
   221 | D        | Noticed a yak
   222 | D        | Found a stormy altar of Qazlal.
   222 | D        | Found a blossoming altar of Fedhas.
   222 | D        | Found a bloodstained altar of Trog.
   222 | D        | Found an iron altar of Okawaru.
   222 | D        | Found a glowing golden altar of the Shining One.
   222 | D        | Found a glowing silver altar of Zin.
   222 | D        | Found a white marble altar of Elyvilon.
   228 | D        | Killed a yak
   228 | D        | Reached skill level 13 in Long Blades
   229 | D        | Found a sparkling altar of Nemelex Xobeh.
   320 | D        | Found a viscous altar of Jiyva.
   320 | D        | Found a corrupted altar of Lugonu.
   320 | D        | Noticed a slime creature
   321 | D        | Found a burning altar of Makhleb.
   321 | D        | Found a shimmering altar of Xom.
   332 | D        | Killed a slime creature
   332 | D        | Reached *** piety under Trog
   332 | D        | Reached skill level 14 in Long Blades
   332 | D        | Reached skill level 10 in Dodging
   332 | D        | Reached XP level 7. HP: 34/57 MP: 6/6
   464 | D        | Noticed a kobold demonologist
   464 | D        | Noticed a kobold demonologist
   465 | D        | Paralysed by a floating eye for 4 turns
   468 | D        | Noticed an orange demon
   469 | D        | Noticed a neqoxec
   471 | D        | Reached skill level 15 in Long Blades
   486 | D        | Killed a kobold demonologist
   486 | D        | Reached skill level 5 in Fighting
   487 | D        | Killed a kobold demonologist
   487 | D        | Reached **** piety under Trog
   487 | D        | Reached skill level 16 in Long Blades
   487 | D        | Reached XP level 8. HP: 68/71 MP: 7/7
   593 | D        | Noticed a demonic crawler
   593 | D        | Noticed a demonic crawler
   593 | D        | Noticed a demonic crawler
   593 | D        | Noticed a demonic crawler
   610 | D        | Killed a demonic crawler
   613 | D        | Killed a demonic crawler
   613 | D        | Reached skill level 17 in Long Blades
   613 | D        | HP: 3/111 [demonic crawler (3)]
   615 | D        | Slain by a demonic crawler

Skill      XL: |  1  2  3  4  5  6  7  8 |
---------------+-------------------------+-----
Long Blades    | 6 9 12 14 16 17 | 17.2
Dodging        | 4 6 8 10 11 | 11.9
Fighting       | 6 8 |  8.2
Armour         | |  2.4

Action                   |  1- 3 |  4- 6 |  7- 9 || total
-------------------------+-------+-------+-------++-------
Melee: Falchion          |    13 |    29 |    35 ||    77
       Headbutt          |     3 |     8 |     8 ||    19
Invok: Berserk           |     1 |       |     2 ||     3
       Trog's Hand       |       |       |     1 ||     1
  Eat: Ration            |       |       |     1 ||     1
Armor: Leather armour    |       |     3 |    21 ||    24
Dodge: Dodged            |     5 |    13 |    74 ||    92
       Rpst.: Falchion   |     1 |     2 |     7 ||    10
